Map: Beckett Industries LE

Players

Throwfordays - Winner!

  • Race: Protoss Protoss
  • League: Silver

BrutalParty

  • Race: Terran Terran
  • League: Master

VOD

Have the link to the VOD?

Description

Time

  • Played on: Aug. 27, 2021, 12:13 a.m.
  • Length: 1:42
Show
View Real Time Build Order
Export as new Build Order

Throwfordays Protoss - Winner!

Build Orders:  

Get SALT Encoding   

  12  0:02  Probe  
  13  0:13  Pylon  
  13  0:19  Probe  
  14  0:40  Pylon  
  14  0:48  Pylon  
  14  0:56  Forge  
  14  1:02  Probe  
  15  1:15  Probe  
  16  1:30  Photon Cannon  
  16  1:32  Pylon  
  16  1:35  Pylon  
Show
View Real Time Build Order
Export as new Build Order

BrutalParty Terran 

Build Orders:  

Get SALT Encoding   

  12  0:00  SCV  
  13  0:17  Supply Depot  
  13  0:19  SCV  
  14  0:32  Refinery  
  14  0:33  SCV  
  15  1:10  Supply Depot  
  15  1:26  SCV  
Tags
 
Add a new tag
Caveats
  • Supply blocks, unpowered buildings, or Contaminate may cause inaccurate times.
  • Supply counts are checked every 10 seconds.